 Dungeon Crawl Stone Soup version 0.31-a0-174-g85c54bcb58 (webtiles) character file.

Game seed: 12197428952101393354

630 qw the Shooter (level 7, -3/43 HPs)
             Began as a Gargoyle Hunter on June 15, 2023.
             Slain by Edmund
             ... wielding a +1 flail of holy wrath
              (14 damage)
             ... on level 4 of the Dungeon.
             The game lasted 00:01:37 (3076 turns).

qw the Shooter (Gargoyle Hunter)                    Turns: 3076, Time: 00:01:38

Health: -3/43      AC: 10    Str: 15    XL:     7   Next: 48%
Magic:  7/7        EV: 12    Int:  9    God:
Gold:   254        SH:  0    Dex: 15    Spells: 6/6 levels left

rFire   . . .        Y - +0 shortbow
rCold   . . .        (shield currently unavailable)
rNeg    + + .        l - +0 troll leather armour {Pargi}
rPois   inf          (no helmet)
rElec   +            (no cloak)
rCorr   .            (no gloves)
SInv    .            k - +0 pair of boots
Will    .....        (no amulet)
Stlth   ++           e - ring of positive energy
HPRegen 1.07/turn    (no ring)
MPRegen 0.10/turn

%: no passive effects
@: no status effects
A: sickness immunity, AC +4, negative energy resistance 1, electricity
resistance, torment resistance 1, petrification resistance
a: no special abilities


You were on level 4 of the Dungeon.
You visited 1 branch of the dungeon, and saw 4 of its levels.

You collected 254 gold pieces.


Innate Abilities, Weirdness & Mutations

You are immune to sickness and miasma.
Your stone body is resilient. (AC +4)
You are immune to poison.
You resist negative energy. (rN+)
You are resistant to electric shocks. (rElec)
You are resistant to unholy torment.
You are immune to petrification.


   Skills:
 - Level 4.0 Fighting
 + Level 7.9 Ranged Weapons
 - Level 1.4 Armour
 - Level 2.1 Dodging
 - Level 1.1 Stealth


You had 6 spell levels left.
You didn't know any spells.
Your spell library was empty.

Inventory:

Hand Weapons
 Y - a +0 shortbow (weapon)
Armour
 k - a +0 pair of boots (worn)
 l - a +0 troll leather armour (worn) {Pargi}
Jewellery
 e - a ring of positive energy (left hand)
Scrolls
 a - 4 scrolls of identify
 b - 2 scrolls of brand weapon {unknown}
 h - a scroll of amnesia {unknown}
Potions
 c - a potion of cancellation {unknown}
 d - a potion of resistance
 f - 3 potions of curing
 g - a potion of attraction
 j - a potion of mutation
 m - a potion of heal wounds
 n - a potion of haste

Dungeon Overview and Level Annotations

Branches:
Dungeon (4/15)
 Temple: D:4-7

Altars:
Kikubaaqudgha
Makhleb
Qazlal
Trog
Vehumet
Wu Jian
Xom

Annotations:
D:4 Edmund


Message History

Enter note:
Enter note: You shoot an arrow.
The arrow hits Edmund but does no damage.
You shoot an arrow.
The arrow hits Edmund but does no damage.
You shoot an arrow. The arrow hits Edmund.
Edmund is lightly wounded.
You shoot an arrow. The arrow barely misses Edmund.
Edmund drinks a potion.
Edmund goes berserk!
You shoot an arrow. The arrow closely misses Edmund.
You shoot an arrow. The arrow hits Edmund!
Edmund is lightly wounded.
Edmund barely misses you.
You shoot an arrow. The arrow hits Edmund.
Edmund is moderately wounded.
Edmund closely misses you.
You shoot an arrow.
The arrow hits Edmund but does no damage.
Edmund is moderately wounded.
Edmund barely misses you.
Edmund hits you with a +1 flail of holy wrath!
You shoot an arrow. The arrow closely misses Edmund.
Edmund closely misses you.
You shoot an arrow. The arrow completely misses Edmund.
Edmund hits you with a +1 flail of holy wrath!
Edmund hits you but does no damage.
You shoot an arrow. The arrow hits Edmund!
Edmund is moderately wounded.
Edmund hits you with a +1 flail of holy wrath!
You shoot an arrow.
The arrow hits Edmund but does no damage.
Edmund is moderately wounded.
Edmund closely misses you. Edmund misses you.
You shoot an arrow. The arrow closely misses Edmund.
Edmund hits you with a +1 flail of holy wrath!
You shoot an arrow. The arrow barely misses Edmund.
Edmund hits you with a +1 flail of holy wrath.
Edmund hits you with a +1 flail of holy wrath!
You die...

.....................
.
...........#.##......
######..##.#.##......
##
#...................
.
#......####.........
## #.......#
##..###### #.
#.....#..# #..# .
#.....##..##..#
####)## #..##@# #..#
#..#.@..# ##.##
#.##...# #..## ..
..).. ###.
###%.####.........
#...
##........[........
#...
##..................
#. ....
#...................
#...#.. #...........#
#.#.. #..


You could see Edmund (berserk).

Vanquished Creatures
  Menkaure (D:4)
  Pargi (D:3)
  Blork the orc (D:4)
  A scorpion (D:4)
  A hound (D:4)
  An iguana (D:3)
  Terence (D:3)
  Ijyb (D:4)
  An orc wizard (D:3)
  6 adders
  A worm (D:2)
  2 dart slugs
  7 orcs
  12 endoplasms
  2 giant cockroaches (D:1)
  5 goblins
  8 hobgoblins
  8 jackals
  4 quokkas
  9 ball pythons
  7 bats
  2 frilled lizards
  9 kobolds
  7 rats
98 creatures vanquished.

Notes
Turn   | Place    | Note
-------+----------+-------------------------------------------
     0 | D:1      | qw the Gargoyle Hunter began the quest for the Orb.
     0 | D:1      | Reached XP level 1. HP: 12/12 MP: 1/1
     0 | D:1      | 0 ||| qw: Version: 0.2-a-29-g511e9b1
     0 | D:1      | 0 ||| qw: Game counter: 5451
     0 | D:1      | 0 ||| qw: Always use a shield: true
     0 | D:1      | 0 ||| qw: God list: Okawaru
     0 | D:1      | 0 ||| qw: Allow faded altars: false
     0 | D:1      | 0 ||| qw: Do Orc after D:15 true
     0 | D:1      | 0 ||| qw: Do second Lair branch before Depths: true
     0 | D:1      | 0 ||| qw: Lair rune preference: random
     0 | D:1      | 0 ||| qw: Plans: Normal, Zot:1-4, Slime:5, God:TSO, Crypt,
                  | Tomb, Abyss, Pan, Hells, Win
     0 | D:1      | 0 ||| PLANNING D:1-11
    71 | D:1      | Reached XP level 2. HP: 17/17 MP: 2/2
   627 | D:1      | Reached XP level 3. HP: 21/21 MP: 3/3
   860 | D:1      | 860 ||| UPGRADING to +0 pair of boots.
   865 | D:1      | 865 ||| DROPPING ring of magical power.
   866 | D:1      | 866 ||| READING 2 scrolls labelled NOTRURUIVA.
   867 | D:1      | 867 ||| READING scroll labelled MYIBLA SOCOGH.
   868 | D:1      | 868 ||| READING scroll labelled IGEYTU IFUMM.
   871 | D:1      | 871 ||| READING scroll labelled DUGOL ATER.
   872 | D:1      | 872 ||| DROPPING scroll of butterflies.
   917 | D:2      | Reached skill level 5 in Ranged Weapons
  1181 | D:2      | Reached skill level 3 in Fighting
  1205 | D:2      | You fall into a shaft and drop 1 floor!
  1268 | D:3      | 1268 ||| DROPPING +6 ring of intelligence.
  1269 | D:3      | 1269 ||| UPGRADING to ring of positive energy.
  1270 | D:3      | 1270 ||| DRINKING 2 murky sapphire potions.
  1305 | D:2      | Reached XP level 4. HP: 24/28 MP: 4/4
  1450 | D:2      | Found a faded altar of an unknown god.
  1774 | D:2      | 1774 ||| DRINKING 2 inky potions.
  1775 | D:2      | 1775 ||| DRINKING 2 viscous black potions.
  1776 | D:2      | 1776 ||| DRINKING 2 emerald potions.
  1777 | D:2      | 1777 ||| READING 6 scrolls of identify.
  1777 | D:2      | 1777 ||| IDENTIFYING orange potion
  1778 | D:2      | 1778 ||| READING 5 scrolls of identify.
  1778 | D:2      | 1778 ||| IDENTIFYING bubbling red potion
  1779 | D:2      | 1779 ||| DROPPING potion of degeneration.
  1924 | D:3      | Noticed Pargi
  1936 | D:3      | HP: 6/28 [Pargi (2)]
  1937 | D:3      | 1937 ||| DRINKING 2 potions of heal wounds.
  1946 | D:3      | HP: 7/28 [Pargi (2)]
  1947 | D:3      | 1947 ||| DRINKING potion of heal wounds.
  1950 | D:3      | Killed Pargi
  1951 | D:3      | Reached skill level 6 in Ranged Weapons
  1951 | D:3      | Reached XP level 5. HP: 22/32 MP: 5/5
  1951 | D:3      | 1951 ||| FLEEEEING.
  1952 | D:3      | 1952 ||| FLEEEEING.
  1955 | D:3      | 1955 ||| FLEEEEING.
  1956 | D:3      | 1956 ||| FLEEEEING.
  1957 | D:3      | 1957 ||| FLEEEEING.
  1958 | D:3      | 1958 ||| FLEEEEING.
  1959 | D:3      | 1959 ||| FLEEEEING.
  1960 | D:3      | 1960 ||| FLEEEEING.
  1961 | D:3      | 1961 ||| FLEEEEING.
  1962 | D:3      | 1962 ||| FLEEEEING.
  1963 | D:3      | 1963 ||| FLEEEEING.
  1964 | D:3      | 1964 ||| FLEEEEING.
  1982 | D:3      | Reached skill level 1 in Armour
  2143 | D:3      | Reached XP level 6. HP: 37/37 MP: 6/6
  2323 | D:3      | Noticed Terence
  2330 | D:3      | Killed Terence
  2411 | D:3      | Found an ancient bone altar of Kikubaaqudgha.
  2651 | D:3      | 2651 ||| UPGRADING to +0 ring mail.
  2661 | D:3      | 2661 ||| DROPPING +0 leather armour.
  2662 | D:3      | 2662 ||| UPGRADING to +0 troll leather armour {Pargi}.
  2672 | D:3      | 2672 ||| DROPPING +0 ring mail.
  2673 | D:3      | 2673 ||| READING 2 scrolls labelled NOSMOL OCLYPTI.
  2674 | D:3      | 2674 ||| READING 4 scrolls of identify.
  2674 | D:3      | 2674 ||| IDENTIFYING smoky ruby potion
  2675 | D:3      | 2675 ||| READING 3 scrolls of identify.
  2675 | D:3      | 2675 ||| IDENTIFYING dark potion
  2676 | D:3      | 2676 ||| DROPPING scroll of immolation.
  2677 | D:3      | 2677 ||| DROPPING potion of ambrosia.
  2705 | D:4      | Noticed Menkaure
  2718 | D:4      | HP: 5/38 [Menkaure (15)]
  2719 | D:4      | 2719 ||| DRINKING 2 potions of heal wounds.
  2720 | D:4      | Killed Menkaure
  2721 | D:4      | Reached skill level 7 in Ranged Weapons
  2760 | D:4      | Found a stormy altar of Qazlal.
  2776 | D:4      | Found a glowing silver altar of Zin.
  2778 | D:4      | Found an ornate altar of the Wu Jian Council.
  2778 | D:4      | Found a sacrificial altar of Ru.
  2780 | D:4      | Found a burning altar of Makhleb.
  2780 | D:4      | Found a shimmering altar of Xom.
  2780 | D:4      | Found a radiant altar of Vehumet.
  2818 | D:4      | Found a burning altar of Makhleb.
  2853 | D:4      | Found a bloodstained altar of Trog.
  2874 | D:4      | Reached XP level 7. HP: 43/43 MP: 7/7
  2898 | D:4      | Noticed Ijyb
  2915 | D:4      | Killed Ijyb
  3020 | D:4      | Noticed Blork the orc
  3032 | D:4      | Killed Blork the orc
  3061 | D:4      | Noticed Edmund
  3076 | D:4      | Slain by Edmund

Levels and vault maps discovered:
D:1:      dpeg_arrival_chambers_temple_mockup, layout_loops_ring,
          reono_crystal_passage
D:2:      kb_forest_paths, layout_basic, basic_ecumenical_altar
D:3:      layout_basic, lemuel_tele_altar, minmay_diced_spiral, uniq_terence,
          uniq_pargi
D:4:      layout_rooms, trog_three_pillars_becter,
          mainiacjoe_overflow_six_doors_small, nicolae_overflow_hidden_temple,
          fedhas_altar_fruit_tree, doesnt_xom_only_xom, minmay_crossroads,
          uniq_ijyb, uniq_blork_the_orc, uniq_edmund, uniq_menkaure

Skill      XL: |  1  2  3  4  5  6  7 |
---------------+----------------------+-----
Ranged Weapons | 5 6 7 |  7.9
Fighting       | 3 4 |  4.0
Armour         | 1 |  1.4
Dodging        | 2 |  2.1
Stealth        | |  1.1

Action                     |  1- 3 |  4- 6 |  7- 9 || total
---------------------------+-------+-------+-------++-------
   Fire: Shortbow          |   131 |   191 |    91 ||   413
    Use: Scroll            |     4 |     5 |       ||     9
         Potion            |     1 |     6 |       ||     7
 Armour: Leather armour    |    32 |    40 |       ||    72
         Troll leather arm |       |     8 |    23 ||    31
  Dodge: Dodged            |    41 |    81 |    31 ||   153

Table legend:
 A = Non-vault XP
 B = Vault XP
 C = Vault XP percentage of total XP
 D = Non-vault monster count
 E = Vault monster count
 F = Vault count percentage of total count
                 A         B        C        D         E       F
            +---------+---------+-------+---------+---------+-------
      Total |     360 |     541 |  60.0 |      84 |      14 |  14.3
            +---------+---------+-------+---------+---------+-------
        D:1 |      38 |       0 |   0.0 |      24 |       0 |   0.0
        D:2 |      64 |      23 |  26.4 |      22 |       6 |  21.4
        D:3 |     125 |     176 |  58.5 |      22 |       4 |  15.4
        D:4 |     133 |     342 |  72.0 |      16 |       4 |  20.0
            +---------+---------+-------+---------+---------+-------
